 Dungeon Crawl Stone Soup version 0.19.0-20-gbc5f0c6 (webtiles) character file.

2342 kae the Basher (level 9, 0/64 HPs)
             Began as a Formicid Fighter on Nov 17, 2016.
             Was a Believer of Okawaru.
             Succumbed to a gnoll sergeant's poison
             ... on level 7 of the Dungeon.
             The game lasted 00:07:24 (6591 turns).

kae the Basher (Formicid Fighter)                   Turns: 6591, Time: 00:07:24

Health: 0/64       AC:  7    Str: 23    XL:     9   Next: 70%
Magic:  10/10      EV:  8    Int:  9    God:    Okawaru [**....]
Gold:   248        SH:  9    Dex: 10    Spells: 0 memorised, 8 levels left

rFire  . . .     SeeInvis +     a - +1 flail
rCold  . . .     Gourm    .     b - +1 scale mail
rNeg   . . .     Faith    .     c - +0 shield
rPois  .         Spirit   .     (helmet unavailable)
rElec  .         Reflect  .     (no cloak)
rCorr  +         Harm     .     (no gloves)
MR     .....                    (no boots)
Stlth  ..........               (no amulet)
                                m - ring of resist corrosion
                                x - ring of flight

@: lethally poisoned (0 -> -21)
A: permanent stasis, dig shafts and tunnels, four strong arms, antennae 3
a: Dig, Shaft Self, Heroism, Renounce Religion, Evoke Flight


You were on level 7 of the Dungeon.
You worshipped Okawaru.
Okawaru was pleased with you.
You were not hungry.

You visited 2 branches of the dungeon, and saw 8 of its levels.

You collected 248 gold pieces.

Inventory:

Hand Weapons
 a - a +1 flail (weapon)
 q - a +0 great mace
Armour
 b - a +1 scale mail (worn)
 c - a +0 shield (worn)
Jewellery
 g - an uncursed ring of protection from fire
 j - an uncursed ring of fire
 m - a ring of resist corrosion (right hand)
 x - a ring of flight (left hand)
Wands
 k - a wand of polymorph (12/24)
Scrolls
 e - a scroll of enchant weapon
 n - 4 scrolls of remove curse
 r - a scroll of magic mapping
 t - a scroll of enchant armour
 u - a scroll of amnesia
Potions
 d - a potion of might
 l - a potion of invisibility {unknown}
 o - a potion of cancellation
 p - a potion of curing
 w - 3 potions of flight
Books
 y - a book of Geomancy

   Spells                             Type                      Level
   a - Sandblast                      Earth                        1
   b - Passwall                       Transmutation/Earth          2
   c - Stone Arrow                    Conjuration/Earth            3
   d - Petrify                        Transmutation/Earth          4
   e - Lee's Rapid Deconstruction     Earth                        5
Comestibles
 f - 4 bread rations
 h - 3 meat rations
 i - 7 chunks of flesh
 s - a beef jerky


   Skills:
 - Level 3.2 Fighting
 + Level 12.0 Maces & Flails
 - Level 3.2 Armour
 - Level 3.6 Shields
 + Level 2.4 Invocations


You had 8 spell levels left.
You didn't know any spells.

Dungeon Overview and Level Annotations

Branches:
Dungeon (7/15)             Temple (1/1) D:5

Altars:
Ashenzari
Dithmenos
Elyvilon
Fedhas
Gozag
Hepliaklqana
Makhleb
Nemelex Xobeh
Okawaru
Qazlal
Ru
Sif Muna
Trog
Uskayaw
Vehumet
Xom
Yredelemnul
The Shining One

Annotations:
D:5 exclusion: 2 doors


Innate Abilities, Weirdness & Mutations

You are under a permanent stasis effect.
You can dig through walls and to a lower floor.
Your four strong arms can wield two-handed weapons with a shield.
You have a pair of large antennae on your head. (SInv)


Message History

You feel sick.
The gnoll sergeant hits you with a trident of venom.
* * * LOW HITPOINT WARNING * * *
You are more poisoned.
The gnoll sergeant blocks your attack.
The gnoll sergeant is almost dead.
You feel sick.
The gnoll sergeant hits you with a trident of venom!
* * * LOW HITPOINT WARNING * * *
You are more poisoned.
You hit the gnoll sergeant.
You kill the gnoll sergeant!
Okawaru accepts your kill.
* * * LOW HITPOINT WARNING * * *
You feel sick.
You swing at nothing.
* * * LOW HITPOINT WARNING * * *
You feel very sick.
You swing at nothing.
You die...

#.# #.......# #.#
#(......# #.#
######.......# #.#
#.g..........# #.#
######.†...#+###### #.#
#......?......# #.#
#.##(#........# #.#
#.#)##........#
##.########.##@#........#
#....†....#.#############
#########.#.# #....#.#
#....#.# #....#.#
#....#.# #########
#....#.####.......#
#....#............#


There were no monsters in sight!

Vanquished Creatures
  Joseph (D:7)
  A hippogriff (D:6)
  Duvessa (D:4)
  An orc warrior (D:6)
  A necrophage (D:6)
  2 ogres
  3 centaurs
  3 bullfrogs
  A gnoll sergeant (D:7)
  Dowan (D:4)
  2 scorpions
  3 crimson imps
  A bullfrog zombie (D:6)
  3 hounds
  A bullfrog skeleton (D:4)
  An iguana (D:5)
  A centaur skeleton (D:4)
  4 orc wizards
  3 worker ants
  A hound skeleton (D:6)
  7 gnolls
  6 adders
  A white imp (D:5)
  An ooze (D:6)
  A worm (D:4)
  2 dart slugs
  8 leopard geckos
  17 orcs
  8 bats
  5 giant cockroaches
  9 hobgoblins
  7 jackals
  7 kobolds
  3 quokkas
  3 ball pythons
  6 frilled lizards
  A jackal skeleton (D:4)
  A leopard gecko skeleton (D:6)
  A quokka skeleton (D:7)
  8 rats
137 creatures vanquished.

Notes
Turn   | Place    | Note
-------+----------+-------------------------------------------
     0 | D:1      | kae the Formicid Fighter began the quest for the Orb.
     0 | D:1      | Reached XP level 1. HP: 18/18 MP: 1/1
   148 | D:1      | Reached XP level 2. HP: 22/24 MP: 2/2
   479 | D:1      | Reached skill level 3 in Maces & Flails
   529 | D:1      | Reached XP level 3. HP: 26/29 MP: 3/3
  1220 | D:2      | Reached skill level 4 in Maces & Flails
  1220 | D:2      | Reached XP level 4. HP: 28/35 MP: 4/4
  1534 | D:3      | Found a faded altar of an unknown god.
  2057 | D:4      | Reached XP level 5. HP: 41/41 MP: 5/5
  2068 | D:4      | Reached skill level 5 in Maces & Flails
  2226 | D:4      | HP: 2/41 [poisoned by a scorpion]
  2407 | D:4      | Reached XP level 6. HP: 25/47 MP: 6/6
  2715 | D:4      | Reached skill level 6 in Maces & Flails
  2841 | D:4      | Noticed Dowan
  2855 | D:4      | Killed Dowan
  2950 | D:4      | Noticed Duvessa
  2986 | D:4      | Killed Duvessa
  2986 | D:4      | Reached skill level 7 in Maces & Flails
  2986 | D:4      | Reached XP level 7. HP: 44/52 MP: 7/7
  3231 | D:5      | Entered Level 5 of the Dungeon
  3425 | D:5      | Found a staircase to the Ecumenical Temple.
  3480 | Temple   | Entered the Ecumenical Temple
  3679 | Temple   | Became a worshipper of Warmaster Okawaru
  3788 | D:5      | Found a glowing golden altar of the Shining One.
  3800 | D:5      | Reached skill level 8 in Maces & Flails
  3801 | D:5      | Found a basalt altar of Yredelemnul.
  3806 | D:5      | Found a stormy altar of Qazlal.
  3807 | D:5      | Found a shattered altar of Ashenzari.
  3808 | D:5      | Found a bloodstained altar of Trog.
  3809 | D:5      | Found an opulent altar of Gozag.
  3868 | D:5      | Found a shadowy altar of Dithmenos.
  4194 | D:5      | Reached XP level 8. HP: 58/58 MP: 8/8
  4854 | D:5      | Reached skill level 9 in Maces & Flails
  5456 | D:6      | Reached skill level 10 in Maces & Flails
  5703 | D:6      | Found a burning altar of Makhleb.
  5805 | D:7      | Noticed a hippogriff
  5816 | D:6      | Killed a hippogriff
  5816 | D:6      | Reached * piety under Okawaru
  5816 | D:6      | Reached XP level 9. HP: 36/64 MP: 9/9
  6240 | D:7      | Found a shimmering altar of Xom.
  6326 | D:7      | Noticed Joseph
  6347 | D:7      | Reached skill level 11 in Maces & Flails
  6359 | D:7      | Killed Joseph
  6359 | D:7      | Reached ** piety under Okawaru
  6509 | D:7      | Reached skill level 1 in Invocations
  6542 | D:7      | Reached skill level 12 in Maces & Flails
  6590 | D:7      | HP: 1/64 [poisoned by a gnoll sergeant]
  6591 | D:7      | Succumbed to a gnoll sergeant's poison

Skill      XL: |  1  2  3  4  5  6  7  8  9 |
---------------+----------------------------+-----
Maces & Flails | 3 4 5 7 8 10 12 | 12.0
Invocations    | 2 |  2.4
Fighting       | |  3.2
Armour         | |  3.2
Shields        | |  3.6

Action                   |  1- 3 |  4- 6 |  7- 9 || total
-------------------------+-------+-------+-------++-------
Melee: Flail             |   144 |   174 |   366 ||   684
Invok: Heroism           |       |       |     1 ||     1
 Abil: Dig               |     2 |     3 |     6 ||    11
  Use: Scroll            |     4 |     3 |     7 ||    14
       Potion            |       |     1 |     7 ||     8
  Eat: Chunk             |     1 |     6 |    10 ||    17
       Beef jerky        |       |       |     2 ||     2
Armor: Scale mail        |    65 |    54 |    86 ||   205
       Skin              |       |       |     2 ||     2
Dodge: Dodged            |    45 |    45 |    79 ||   169
Block: Shield            |    75 |    98 |   171 ||   344
